 Dungeon Crawl Stone Soup version 0.20.0-15-g7f486f2 (webtiles) character file.

48 NoAnimeNoLife the Twirler (level 3, -7/30 HPs)
             Began as a Minotaur Gladiator on June 13, 2017.
             Mangled by Sigmund
             ... wielding a +0 scythe
              (11 damage)
             ... on level 2 of the Dungeon.
             The game lasted 00:01:19 (910 turns).

NoAnimeNoLife the Twirler (Minotaur Gladiator)       Turns: 910, Time: 00:01:20

Health: -7/30      AC:  3    Str: 18    XL:     3   Next: 50%
Magic:  2/2        EV: 13    Int:  5    God:
Gold:   61         SH:  0    Dex: 12    Spells: 2/2 levels left

rFire    . . .     SeeInvis .   a - +0 quarterstaff
rCold    . . .     Gourm    .   (shield currently unavailable)
rNeg     . . .     Faith    .   b - +0 leather armour
rPois    .         Spirit   .   c - +0 hat
rElec    .         Reflect  .   (no cloak)
rCorr    .         Harm     .   (no gloves)
MR       .....                  (no boots)
Stlth    +.........             (no amulet)
Regen    0.1/turn               (no ring)
MPRegen  0.1/turn               (no ring)

@: no status effects
A: retaliatory headbutt, horns 2
a: no special abilities


You were on level 2 of the Dungeon.
You were not hungry.

You visited 1 branch of the dungeon, and saw 2 of its levels.

You collected 61 gold pieces.

Inventory:

Hand Weapons
 a - a +0 quarterstaff (weapon)
Missiles
 d - 3 throwing nets (quivered)
Armour
 b - a +0 leather armour (worn)
 c - a +0 hat (worn)
Jewellery
 m - a +1 ring of protection {unknown}
Scrolls
 h - a scroll of magic mapping {unknown}
 i - a scroll of remove curse {unknown}
 k - a scroll of identify {unknown}
 n - a scroll of fear {unknown}
Potions
 e - a potion of cancellation
Comestibles
 f - 2 bread rations
 j - 2 royal jellies
 l - a meat ration


   Skills:
 - Level 2.4 Fighting
 + Level 5.5 Staves
 - Level 2.0 Throwing
 - Level 3.2 Dodging


You had 2 spell levels left.
You didn't know any spells.

Dungeon Overview and Level Annotations

Branches:
Dungeon (2/15)

Altars:

Annotations:
D:2 Sigmund


Innate Abilities, Weirdness & Mutations

You reflexively headbutt those who attack you in melee.
You have a pair of horns on your head.


Message History

You kill the jackal!
The rat bites you but does no damage. The rat closely misses you.
Things that are here:
a jackal corpse; a rat corpse You hit the rat.
You kill the rat!
The rat bites you but does no damage.
Okay, then.
Okay, then.
You closely miss the rat. Your headbutt misses the rat. Something hits you.
The rat bites you.
You hit the rat.
You kill the rat!
Something hits you!
* * * LOW HITPOINT WARNING * * *
You closely miss the frilled lizard.
Your headbutt misses the frilled lizard.
The frilled lizard closely misses you.
You barely miss the frilled lizard. Something hits you!
You die...

....... #>....
#.... ##l..#
#..###.†#.#
......†...#
.#.##....####
###.....####
#..##rl@.##
##.#####..# #.#
##.### # #.#
####...##.. ...#.#
#...........
#....##...........
#...............
#.###...........
#.###...........


You could see a frilled lizard and a rat.

Vanquished Creatures
  An adder (D:2)
  2 dart slugs (D:1)
  A leopard gecko (D:1)
  A giant cockroach (D:2)
  4 hobgoblins
  6 jackals
  A quokka (D:2)
  A bat (D:1)
  A frilled lizard (D:1)
  4 goblins
  6 kobolds (D:1)
  6 rats
34 creatures vanquished.

Notes
Turn   | Place    | Note
-------+----------+-------------------------------------------
     0 | D:1      | NoAnimeNoLife the Minotaur Gladiator began the quest for the Orb.
     0 | D:1      | Reached XP level 1. HP: 18/18 MP: 0/0
     2 | D:1      | Noticed a minotaur
     2 | D:1      | Noticed a vine stalker
     4 | D:1      | Noticed a tengu
     6 | D:1      | Noticed a demigod
     6 | D:1      | Noticed a human
     8 | D:1      | Noticed a centaur
    10 | D:1      | Noticed a spriggan
    10 | D:1      | Noticed a vampire
    12 | D:1      | Noticed a merfolk
    12 | D:1      | Noticed a gargoyle
    14 | D:1      | Noticed a draconian
    14 | D:1      | Noticed a troll
    16 | D:1      | Noticed a dwarf
    18 | D:1      | Noticed a ghoul
    18 | D:1      | Noticed an elf
    21 | D:1      | Noticed a demonspawn
    21 | D:1      | Noticed a naga
    23 | D:1      | Noticed an octopode
    23 | D:1      | Noticed an ogre
    26 | D:1      | Noticed a formicid
    28 | D:1      | Noticed a felid
    28 | D:1      | Noticed a halfling
    57 | D:1      | Reached skill level 4 in Staves
    67 | D:1      | Reached XP level 2. HP: 11/25 MP: 1/1
   707 | D:1      | Reached skill level 5 in Staves
   853 | D:2      | Found a faded altar of an unknown god.
   861 | D:2      | Reached XP level 3. HP: 19/30 MP: 2/2
   888 | D:2      | Noticed Sigmund
   910 | D:2      | Mangled by Sigmund

Skill      XL: |  1  2 |
---------------+-------+-----
Staves         | 4 5 |  5.5
Fighting       | |  2.4
Throwing       | |  2.0
Dodging        | |  3.2

Action                   || total
-------------------------++-------
Melee: Quarterstaff      ||    73
       Headbutt          ||     4
  Use: Potion            ||     2
Armor: Leather armour    ||    14
Dodge: Dodged            ||    53
